 Dungeon Crawl Stone Soup version 0.27-a0-13-g87abb2d9eb (webtiles) character file.

Game seed: 3795858400475065250

2538 funkygono the Zephyrmancer (level 9, -1/67 HPs)
             Began as a Black Draconian Air Elementalist on Jan 2, 2021.
             Was a Believer of Vehumet.
             Slain by an orc warrior
             ... wielding a +0 dire flail
              (23 damage)
             ... on level 8 of the Dungeon.
             The game lasted 00:18:27 (8655 turns).

funkygono the Zephyrmancer (DrAE)                   Turns: 8655, Time: 00:18:28

Health: -1/67      AC: 11    Str: 10    XL:     9   Next: 30%
Magic:  5/18       EV: 10    Int: 19    God:    Vehumet [**....]
Gold:   413        SH:  0    Dex: 12    Spells: 6/20 levels left

rFire    . . .     SeeInvis .   h - +4 dagger (drain)
rCold    . . .     Faith    .   (no shield)
rNeg     . . .     Spirit   .   (armour unavailable)
rPois    .         Reflect  .   (helmet restricted)
rElec    +         Harm     .   (no cloak)
rCorr    .         Rampage  .   (no gloves)
Will     .....                  (no boots)
Stlth    +++.......             (no amulet)
HPRegen  0.21/turn              s - ring "Adeseb" {+Blink EV-4 Stlth+} (curse)
MPRegen  0.16/turn              o - +4 ring of protection

@: no status effects
A: breathe lightning, unfitting armour, electricity resistance, cold-blooded, AC
+7
a: Breathe Lightning, Renounce Religion, Evoke Blink


You were on level 8 of the Dungeon.
You worshipped Vehumet.
Vehumet was pleased with you.
You visited 2 branches of the dungeon, and saw 9 of its levels.

You collected 413 gold pieces.

Inventory:

Hand Weapons
 a - a +1 flail of draining
 g - a +0 short sword
 h - a +4 dagger of draining (weapon)
Armour
 p - a +0 buckler
Jewellery
 e - an uncursed ring of poison resistance
 m - an uncursed ring of positive energy
 n - an uncursed ring of stealth
 o - a +4 ring of protection (right hand)
 s - the cursed ring "Adeseb" (left hand) {+Blink EV-4 Stlth+}
   (You found it on level 4 of the Dungeon)

   [ring of evasion]

   It affects your evasion (-4).
   It lets you blink.
   It makes you more stealthy.
   It has a curse placed upon it.
 y - an uncursed ring of ice
Wands
 t - a wand of polymorph (12)
 u - a wand of paralysis (11)
Scrolls
 b - a scroll of magic mapping
 d - 3 scrolls of amnesia
 l - 4 scrolls of teleportation
Potions
 c - a potion of heal wounds
 f - 3 potions of curing
 i - 3 potions of resistance
 j - 2 potions of attraction
 k - a potion of lignification
 r - a potion of brilliance
 v - a potion of might {unknown}
 w - a potion of magic {unknown}
 x - 2 potions of experience {unknown}


   Skills:
 + Level 2.0 Fighting
 + Level 1.7 Short Blades
 * Level 4.3 Dodging
 + Level 2.4 Stealth
 * Level 6.3 Spellcasting
 * Level 5.9 Conjurations
 * Level 9.2 Air Magic


You had 6 spell levels left.
You knew the following spells:

 Your Spells              Type           Power        Failure   Level
a - Shock                 Conj/Air       100%         1%          1
b - Static Discharge      Conj/Air       34%          1%          3
c - Airstrike             Air            20%          2%          4
d - Lightning Bolt        Conj/Air       17%          14%         5
e - Foxfire               Conj/Fire      68%          3%          1

Your spell library contained the following spells:

 Spells                   Type           Power        Failure   Level
 Freeze                   Ice            20%          11%         1
 Swiftness                Air            40%          1%          2


Dungeon Overview and Level Annotations

Branches:
Dungeon (8/15)             Temple (1/1) D:4
   Lair: D:8-11

Altars:
Ashenzari
Cheibriados
Dithmenos
Elyvilon
Fedhas
Gozag
Hepliaklqana
Makhleb
Nemelex Xobeh
Okawaru
Qazlal
Ru
Sif Muna
Trog
Uskayaw
Vehumet
Wu Jian
Xom
Yredelemnul
Zin
The Shining One

Annotations:
D:7 2 runed translucent doors, exclusion: orange crystal statue


Innate Abilities, Weirdness & Mutations

You can breathe wild blasts of lightning.
Your glossy black scales are hard. (AC +7)
You cannot fit into any form of body armour.
You are resistant to electric shocks. (rElec)
You are cold-blooded and may be slowed by cold attacks.


Message History

The iguana is heavily wounded.
The zap hits the iguana!
The iguana is almost dead.
The orc warrior hits you with a +0 dire flail!
Casting: Shock (safe; 1% risk of failure)
Confirm with . or Enter, or press ? or * to list all spells.
Aiming: Shock (safe; 1% risk of failure)
Press: ? - help, Shift-Dir - straight line
Okay, then.
Unknown command.
Casting: Shock (safe; 1% risk of failure)
Confirm with . or Enter, or press ? or * to list all spells.
Aiming: Shock (safe; 1% risk of failure)
Press: ? - help, Shift-Dir - straight line The zap misses the orc warrior.
The zap misses the orc.
The zap hits the orc.
The orc is moderately wounded.
The zap hits the orc.
The orc is heavily wounded.
The orc warrior hits you with a +0 dire flail!!
You die...

.........##
#.....#####
#.......##
##........#.
..###...#
#........... ##..#
###.......### #..#
##.......###
#..####.<.#....#
###>..#...####...#
#........## ##.##
.....###.@## ..#
....## ##o## ....
.... #ol# ... ...
#o.# #. ##.# ...
.... ##.#. ....#


You could see an orc warrior, an iguana and 2 orcs.

Vanquished Creatures
  Duvessa (D:7)
  A water moccasin (D:7)
  3 sky beasts
  An ice beast (D:6)
  2 phantoms
  An ogre (D:5)
  4 centaurs
  A big kobold (D:7)
  2 bullfrogs (D:6)
  Dowan (D:7)
  6 killer bees (D:7)
  2 bullfrog zombies (D:5)
  An orc priest (D:5)
  10 hounds
  2 bullfrog skeletons
  An iguana (D:7)
  5 worker ants
  A hound skeleton (D:8)
  8 gnolls
  6 adders
  A shadow imp (D:8)
  A white imp (D:6)
  An ufetubus (D:8)
  3 adder zombies
  An ooze (D:5)
  2 adder skeletons (D:7)
  A worm (D:4)
  A dart slug (D:3)
  4 leopard geckos
  22 orcs
  3 giant cockroaches
  9 goblins
  9 hobgoblins
  11 jackals
  10 kobolds
  5 quokkas
  12 bats
  2 frilled lizards
  A jackal zombie (D:5)
  2 rats
160 creatures vanquished.

Notes
Turn   | Place    | Note
-------+----------+-------------------------------------------
     0 | D:1      | funkygono the Draconian Air Elementalist began the quest
                  | for the Orb.
     0 | D:1      | Reached XP level 1. HP: 14/14 MP: 3/3
   289 | D:1      | Found a sparkling altar of Nemelex Xobeh.
   295 | D:1      | Reached XP level 2. HP: 20/20 MP: 0/5
  1245 | D:2      | Reached XP level 3. HP: 26/26 MP: 1/6
  1605 | D:2      | Reached skill level 4 in Air Magic
  2059 | D:2      | Found an iron altar of Okawaru.
  2123 | D:2      | Found a glowing golden altar of the Shining One.
  2123 | D:2      | Found a bloodstained altar of Trog.
  2127 | D:2      | Found a shadowy altar of Dithmenos.
  2128 | D:2      | Found an opulent altar of Gozag.
  2195 | D:2      | Reached XP level 4. HP: 30/33 MP: 1/8
  3051 | D:3      | Reached XP level 5. HP: 38/38 MP: 4/9
  3055 | D:3      | Learned a level 3 spell: Static Discharge
  3060 | D:3      | Learned a level 4 spell: Airstrike
  4000 | D:4      | Found a staircase to the Ecumenical Temple.
  4008 | Temple   | Entered the Ecumenical Temple
  4079 | Temple   | Became a worshipper of Vehumet
  4223 | D:4      | Reached XP level 6. HP: 41/45 MP: 4/11
  4408 | D:4      | Reached skill level 5 in Air Magic
  4634 | D:4      | Got an ancient pewter ring
  5071 | D:5      | Entered Level 5 of the Dungeon
  5127 | D:5      | Your scales start taking on a glossy black colour.
  5127 | D:5      | Reached skill level 6 in Air Magic
  5127 | D:5      | Reached XP level 7. HP: 40/50 MP: 4/13
  5127 | D:5      | Gained mutation: You are resistant to electric shocks.
                  | (rElec) [Black Draconian growth]
  5256 | D:5      | Learned a level 5 spell: Lightning Bolt
  5275 | D:5      | Reached skill level 1 in Short Blades
  5900 | D:5      | Identified the cursed ring "Adeseb" {+Blink EV-4 Stlth+}
                  | (You found it on level 4 of the Dungeon)
  5978 | D:5      | Reached skill level 7 in Air Magic
  6157 | D:6      | Reached XP level 8. HP: 54/58 MP: 11/15
  6334 | D:6      | Reached skill level 5 in Spellcasting
  6418 | D:6      | Reached * piety under Vehumet
  6418 | D:6      | Offered knowledge of Foxfire by Vehumet.
  6421 | D:6      | Learned a level 1 spell: Foxfire
  6943 | D:6      | Reached skill level 5 in Conjurations
  6955 | D:7      | Reached skill level 8 in Air Magic
  7063 | D:7      | Noticed Duvessa
  7063 | D:7      | Noticed Dowan
  7066 | D:7      | Killed Dowan
  7075 | D:7      | Killed Duvessa
  7473 | D:7      | Found a basalt altar of Yredelemnul.
  7489 | D:7      | Found a runed translucent door.
  7494 | D:7      | Found the +10 tower shield of Ignorance {rN+ Int-4}
  7532 | D:7      | Found a runed translucent door.
  7533 | D:7      | Noticed an orange crystal statue
  7551 | D:7      | Reached XP level 9. HP: 63/67 MP: 14/18
  7893 | D:7      | Offered knowledge of Freeze by Vehumet.
  7895 | D:7      | Reached ** piety under Vehumet
  7899 | D:7      | Reached skill level 9 in Air Magic
  8655 | D:8      | Slain by an orc warrior

Illustrated notes

Levels and vault maps discovered:
D:1:      ncdulo_halloftheorcs, layout_loops_ring,
          nemelex_xobeh_ov_fountains_minmay
D:2:      layout_rooms, minitemple, corner_web_ring, minmay_misc_feat_plants
D:3:      layout_basic, hangedman_abyss_or_decor_lesser_grid
D:4:      layout_basic, minmay_temple_entry_mini_moons, cheibrodos_gnoll_hut
D:5:      layout_loops_ring
D:6:      layout_rooms
D:7:      layout_basic, lemuel_doored_altar, chequers_guarded_unrand_ignorance,
          uniq_duvessa
D:8:      layout_layer_cave, lemuel_crystal_altar, minmay_fractal_squares_5
Temple:   regret_index_temple_waves

Skill      XL: |  1  2  3  4  5  6  7  8  9 |
---------------+----------------------------+-----
Dodging        | 2 3 4 |  4.3
Air Magic      | 4 6 7 8 9 |  9.2
Conjurations   | 2 3 4 5 |  5.9
Spellcasting   | 3 4 6 |  6.3
Stealth        | 2 |  2.4
Short Blades   | 1 |  1.7
Fighting       | 2 |  2.0

Action                   |  1- 3 |  4- 6 |  7- 9 || total
-------------------------+-------+-------+-------++-------
Melee: Unarmed           |     9 |       |       ||     9
       Tailslap          |     7 |     8 |    11 ||    26
       Whip              |    17 |       |       ||    17
       Dagger            |    17 |    46 |   147 ||   210
 Cast: Shock             |    68 |   103 |   148 ||   319
       Static Discharge  |       |     1 |     3 ||     4
       Airstrike         |       |       |    12 ||    12
  Use: Scroll            |     6 |     4 |     7 ||    17
       Potion            |       |       |     1 ||     1
Armor: Skin              |    20 |    35 |    76 ||   131
Dodge: Dodged            |    44 |    51 |    81 ||   176

Table legend: (Time is in decaauts)
 A = Elapsed time spent in this place.
 B = Non-inter-level travel time spent in this place.
 C = Inter-level travel time spent in this place.
 D = Time resting spent in this place.
 E = Time spent auto-exploring this place.
 F = Levels seen in this place.
 G = Mean time per level.
                   A        B        C        D        E       F      G
               +--------+--------+--------+--------+--------+-----+--------+
         Total |   8638 |   8352 |    286 |      0 |   7285 |   9 |  959.8 |
       Dungeon |   8508 |   8281 |    227 |      0 |   7219 |   8 | 1063.5 |
        Temple |    129 |     71 |     58 |      0 |     66 |   1 |  129.0 |
               +--------+--------+--------+--------+--------+-----+--------+

Top non-repeatable levels by time:
     D:7: 1618 daAuts
     D:4: 1430 daAuts
     D:1: 1241 daAuts
     D:3: 1188 daAuts
     D:2: 1078 daAuts
     D:5: 1026 daAuts
     D:6: 841 daAuts
  Temple: 129 daAuts
     D:8: 83 daAuts
